Workbook

Sheet Bank_Reconciliation
A1: Bank reconcilliation
A3: Parton Parish Council
A5: 31st March 2024
A6: S Stuart. Clerk & RFO
F7: £ | G7: £
B9: Balance per bank statement at 31 March 2023 | G9: 22672.55
B11: Add: receipts not banked
B12: CR | C12: Garages | F12: 40
G15: 40
B17: Less: unpresented cheques
B18: Chq No | C18: Payee
B19: 101443 | C19: Coltman | F19: 15.4
B20: 101445 | C20: Coltman | F20: 439.42
G21: 454.82
B24: Balance per cashbook at 31 March 2024 | G24: 22257.73

Sheet Receipts
A1: PARTON PARISH COUNCIL
A3: REGISTER OF RECEIPTS
A5: FINANCIAL YEAR ENDED 31/03/2024
A7: Prepared by | B7: Mrs Jane Coltman (Clerk/RFO)
A9: Date
A11: Date | B11: Ref | C11: Source | D11: Description | E11: Wayleaves | F11: Garages | G11: Precept | H11: VAT Refund | I11: Other | J11: Total
A13: 45021 | D13: Garages | F13: 40
A14: 45032 | D14: Garages | F14: 120
A15: 45044 | C15: CC | D15: Precept | G15: 13500
A16: 45052 | D16: Garages | F16: 120
A17: 45057 | D17: Garages | F17: 36.67
C18: HMRC | D18: VTR | H18: 3345.93
E26: =SUM(E13:E23) -> 0 | F26: =SUM(F13:F22) -> 316.67 | G26: =SUM(G13:G22) -> 13500 | H26: =SUM(H13:H22) -> 3345.93 | I26: =SUM(I13:I22) -> 0 | J26: =SUM(E26:I26) -> 17162.6
J30: =SUM(J26:J28) -> 17162.6

Sheet Payments
A1: PARTON PARISH COUNCIL
A3: REGISTER OF PAYMENTS
A5: FINANCIAL YEAR ENDED 31/03/2024
A7: Prepared by | B7: Mrs Jane Coltman (Clerk/RFO)
A9: Date
A11: Cheque | B11: Date | C11: Payee | D11: Description | E11: Staff Costs | F11: Legal & Professional | G11: Office Overheads | H11: Training & Development | I11: Repairs & Renewals | J11: Landscaping | K11: Insurances | L11: Elections | M11: Events | N11: Grants | O11: S137 | P11: Other | Q11: Total | R11: VAT To Reclaim | S11: £100 + Nett (Y/N)
A12: DD | B12: 45018 | C12: HSBC | D12: Bank Charges | F12: 10 | Q12: =SUM(E12:P12) -> 10
A13: 101402 | B13: 45030 | C13: Byrne | D13: Entertainer | M13: 130 | Q13: =SUM(E13:P13) -> 130
A14: 101403 | B14: 45030 | C14: St Bridgets PTA | D14: Grant | M14: 100 | Q14: =SUM(E14:P14) -> 100
A15: 101404 | B15: 45030 | C15: Const. Actions | D15: Room Hire | G15: 60 | Q15: =SUM(E15:P15) -> 60
A16: 101405 | B16: 45030 | C16: Coltman | D16: Salary | E16: 305.57 | Q16: =SUM(E16:P16) -> 305.57
A17: 101406 | B17: 45030 | C17: HMRC | D17: PAYE | E17: 76.2 | Q17: =SUM(E17:P17) -> 76.2
A18: 101407 | B18: 45030 | C18: CALC | D18: Membership | F18: 242.17 | Q18: =SUM(E18:P18) -> 242.17
A19: DD | B19: 45044 | C19: CWR | D19: Waste Removal | I19: 41.78 | Q19: =SUM(E19:P19) -> 41.78 | R19: 6.96
A20: DD | B20: 45049 | C20: HSBC | D20: Bank Charges | F20: 15 | Q20: =SUM(E20:P20) -> 15
A21: 101408 | B21: 45058 | C21: Coltman | D21: Salary | E21: 305.37 | Q21: =SUM(E21:P21) -> 305.37
A22: 101409 | B22: 45058 | C22: HMRC | D22: PAYE | E22: 76.4 | Q22: =SUM(E22:P22) -> 76.4
A23: 101410 | B23: 45058 | C23: Parton Pensioners | D23: Grant | N23: 300 | Q23: =SUM(E23:P23) -> 300
A24: DD | B24: 45076 | C24: CWR | D24: Waste Removal | I24: 57.46 | Q24: =SUM(E24:P24) -> 57.46 | R24: 9.58
A25: DD | B25: 45079 | C25: HSBC | D25: Bank Charges | F25: 13 | Q25: =SUM(E25:P25) -> 13
A26: 101411 | B26: 45086 | C26: Coltman | D26: Salary | E26: 305.37 | Q26: =SUM(E26:P26) -> 305.37
A27: 101412 | B27: 45086 | C27: HMRC | D27: PAYE | E27: 76.4 | Q27: =SUM(E27:P27) -> 76.4
A28: 101413 | B28: 45086 | C28: Coltman | D28: Expenses | E28: 36.75 | I28: 756 | Q28: =SUM(E28:P28) -> 792.75 | R28: 126
A29: 101414 | B29: 45086 | C29: BHIB | D29: Insurance | K29: 291.95 | Q29: =SUM(E29:P29) -> 291.95
A30: 101415 | B30: 45098 | C30: Const. Actions | D30: Play Pk Boards | I30: 800 | Q30: =SUM(E30:P30) -> 800
A31: 101416 | B31: 45098 | C31: R Carter | D31: Internal Audit | F31: 50 | Q31: =SUM(E31:P31) -> 50
A32: 101417 | B32: 45098 | C32: Home Group | D32: Shelter licence | P32: 420 | Q32: =SUM(E32:P32) -> 420 | R32: 70
A33: DD | B33: 45105 | C33: CWR | D33: Waste Removal | I33: 93.43 | Q33: =SUM(E33:P33) -> 93.43 | R33: 15.57
A34: DD | B34: 45110 | C34: HSBC | D34: Bank Charges | F34: 11 | Q34: =SUM(E34:P34) -> 11
A35: 101418 | B35: 45121 | C35: Coltman | D35: Salary | E35: 305.37 | Q35: =SUM(E35:P35) -> 305.37
A36: 101419 | B36: 45121 | C36: HMRC | D36: PAYE | E36: 76.4 | Q36: =SUM(E36:P36) -> 76.4
A37: 101420 | B37: 45121 | C37: Coltman | D37: Expenses | E37: 15.4 | G37: 8.25 | I37: =8.99+45.89 -> 54.88 | Q37: =SUM(E37:P37) -> 78.53 | R37: 1.5
A38: 101421 | B38: 45121 | C38: J&R Bennett | D38: Landscaping | J38: 468 | Q38: =SUM(E38:P38) -> 468 | R38: 78
A39: 101422 | B39: 45127 | C39: UK Aggregates | D39: Bus Shelters | P39: 13824.96 | Q39: =SUM(E39:P39) -> 13824.96 | R39: 2304.16
A40: DD | B40: 45138 | C40: CWR | D40: Waste Removal | I40: 50.08 | Q40: =SUM(E40:P40) -> 50.08 | R40: 8.35
A41: DD | B41: 45140 | C41: HSBC | D41: Bank Charges | F41: 17 | Q41: =SUM(E41:P41) -> 17
A42: DD | B42: 45169 | C42: CWR | D42: Waste Removal | I42: 55.93 | Q42: =SUM(E42:P42) -> 55.93 | R42: 9.32
A43: DD | B43: 45171 | C43: HSBC | D43: Bank Charges | F43: 14 | Q43: =SUM(E43:P43) -> 14
A44: DD | B44: 45177 | C44: ICO | D44: Registration | F44: 35 | Q44: =SUM(E44:P44) -> 35
A45: 101423 | B45: 45177 | C45: Coltman | D45: Salary | E45: 610.94 | Q45: =SUM(E45:P45) -> 610.94
A46: 101424 | B46: 45177 | C46: HMRC | D46: PAYE | E46: 152.6 | Q46: =SUM(E46:P46) -> 152.6
A47: 101425 | B47: 45177 | C47: Coltman | D47: Expenses | E47: 26.3 | G47: =25.8+4.5 -> 30.3 | Q47: =SUM(E47:P47) -> 56.6 | R47: 5.05
A48: 101426 | B48: 45177 | C48: Lowca PC | D48: Bridge Ins | K48: 141.93 | Q48: =SUM(E48:P48) -> 141.93
A49: 101427 | B49: 45177 | C49: Parton Village Hall | D49: Room Hire | G49: 240 | Q49: =SUM(E49:P49) -> 240
A50: DD | B50: 45197 | C50: CWR | D50: Waste Removal | I50: 49.69 | Q50: =SUM(E50:P50) -> 49.69 | R50: 8.28
A51: DD | B51: 45202 | C51: HSBC | D51: Bank Charges | F51: 8 | Q51: =SUM(E51:P51) -> 8
A52: 101428 | B52: 45212 | C52: Coltman | D52: Salary | E52: 305.37 | Q52: =SUM(E52:P52) -> 305.37
A53: 101429 | B53: 45212 | C53: HMRC | D53: PAYE | E53: 76.4 | Q53: =SUM(E53:P53) -> 76.4
A54: 101430 | B54: 45212 | C54: Coltman | D54: Expenses | E54: 11.8 | I54: 125 | Q54: =SUM(E54:P54) -> 136.8 | R54: 20.83
A55: 101431 | B55: 45212 | C55: CALC | D55: Training | H55: 60 | Q55: =SUM(E55:P55) -> 60
A56: DD | B56: 45229 | C56: CWR | D56: Waste Removal | I56: 60.16 | Q56: =SUM(E56:P56) -> 60.16 | R56: 10.03
A57: DD | B57: 45232 | C57: HSBC | D57: Bank Charges | F57: 13 | Q57: =SUM(E57:P57) -> 13
A58: 101432 | B58: 45240 | C58: Coltman | D58: Salary | E58: 305.37 | Q58: =SUM(E58:P58) -> 305.37
A59: 101433 | B59: 45240 | C59: HMRC | D59: PAYE | E59: 76.4 | Q59: =SUM(E59:P59) -> 76.4
A60: 101435 | B60: 45240 | C60: Coltman | D60: Expenses | E60: 13.6 | I60: 44 | O60: 169 | Q60: =SUM(E60:P60) -> 226.6 | R60: 32.33
A61: DD | B61: 45258 | C61: CWR | D61: Waste Removal | I61: 50.94 | Q61: =SUM(E61:P61) -> 50.94 | R61: 8.49
A62: DD | B62: 45263 | C62: HSBC | D62: Bank Charges | F62: 11 | Q62: =SUM(E62:P62) -> 11
A63: 101436 | B63: 45268 | C63: Coltman | D63: Salary | E63: 513.47 | Q63: =SUM(E63:P63) -> 513.47
A64: 101437 | B64: 45268 | C64: HMRC | D64: PAYE | E64: 128.4 | Q64: =SUM(E64:P64) -> 128.4
A65: 101438 | B65: 45268 | C65: Coltman | D65: Expenses | E65: 10.9 | G65: 14.34 | Q65: =SUM(E65:P65) -> 25.24 | R65: 2.39
A66: DD | B66: 45289 | C66: CWR | D66: Waste Removal | I66: 51.61 | Q66: =SUM(E66:P66) -> 51.61 | R66: 8.6
A67: DD | B67: 45293 | C67: HSBC | D67: Bank Charges | F67: 11 | Q67: =SUM(E67:P67) -> 11
A68: 101439 | B68: 45317 | C68: Coltman | D68: Salary | E68: 328.67 | Q68: =SUM(E68:P68) -> 328.67
A69: 101440 | B69: 45317 | C69: HMRC | D69: PAYE | E69: 82 | Q69: =SUM(E69:P69) -> 82
A70: 101441 | B70: 45317 | C70: Coltman | D70: Expenses | E70: 10.9 | Q70: =SUM(E70:P70) -> 10.9
A71: 101442 | B71: 45317 | C71: Lowca PC | D71: Grass Cutting | J71: 55.94 | Q71: =SUM(E71:P71) -> 55.94
A72: DD | B72: 45322 | C72: CWR | D72: Waste Removal | I72: 45.18 | Q72: =SUM(E72:P72) -> 45.18 | R72: 7.53
A73: DD | B73: 45324 | C73: HSBC | D73: Bank Charges | F73: 12 | Q73: =SUM(E73:P73) -> 12
A74: DD | B74: 45350 | C74: CWR | D74: Waste Removal | I74: 45.18 | Q74: 45.18
A75: DD | B75: 45355 | C75: HSBC | D75: Bank Charges | F75: 8 | Q75: 8
A76: 101444 | B76: 45359 | C76: HMRC | D76: PAYE | E76: 109.8 | Q76: =SUM(E76:P76) -> 109.8
A77: DD | B77: 45379 | C77: CWR | D77: Waste Removal | I77: 46.62 | Q77: =SUM(E77:P77) -> 46.62
Q79: =SUM(E79:P79) -> 0
D80: Totals | E80: =SUM(E12:E79) -> 4342.15 | F80: =SUM(F12:F79) -> 470.17 | G80: =SUM(G12:G79) -> 352.89 | H80: =SUM(H12:H79) -> 60 | I80: =SUM(I12:I79) -> 2427.94 | J80: =SUM(J12:J79) -> 523.94 | K80: =SUM(K12:K79) -> 433.88 | L80: =SUM(L12:L79) -> 0 | ... R80: =SUM(R12:R79) -> 2732.97
P82: =SUM(E80:P80) -> 23554.93

Sheet Annual_Summary
A1: PARTON PARISH COUNCIL
A3: ANNUAL SUMMARY OF ACCOUNTS
A5: FINANCIAL YEAR ENDED 31/03/2024
A7: Prepared by | B7: Mrs Jane Coltman (Clerk/RFO)
A10: Brought Forward from 31/03/2023 | F10: 29064.88
A12: Receipts | B12: Wayleaves | D12: =Receipts!E26 -> 0
B13: Garage Rent | D13: =Receipts!F26 -> 316.67
B14: Precept | D14: =Receipts!G26 -> 13500
B15: VAT Refund | D15: =Receipts!H26 -> 3345.93
B16: Other | D16: =Receipts!I26 -> 0
F17: =SUM(D12:D16) -> 17162.6
A19: Payments | B19: Staff Costs | E19: =Payments!E80 -> 4342.15
B20: Legal & Professional | E20: =Payments!F80 -> 470.17
B21: Office Overheads | E21: =Payments!G80 -> 352.89
B22: Training & Development | E22: =Payments!H80 -> 60
B23: Repairs & Renewals | E23: =Payments!I80 -> 2427.94
B24: Landscaping | E24: =Payments!J80 -> 523.94
B25: Insurances | E25: =Payments!K80 -> 433.88
B26: Elections | E26: =Payments!L80 -> 0
B27: Events | E27: =Payments!M80 -> 230
B28: Grants | E28: =Payments!N80 -> 300
B29: S137 | E29: =Payments!O80 -> 169
B30: Other | E30: =Payments!P80 -> 14244.96
F31: =0-SUM(E19:E30) -> -23554.93
A33: Balance of reserves. | F33: =SUM(F10:F32) -> 22672.55

Sheet Asset_Register
A1: PARTON PARISH COUNCIL
A2: ASSET REGISTER
A4: 31st MARCH 2023
A6: ITEM | B6: PURCHASE DATE | C6: COMMENTS | D6: OPENING VALUE 2023 | E6: ADDITIONS | F6: DISPOSALS | G6: CURRENT VALUE 2024 | H6: COMMENTS
A8: Bus Shelter | B8: Oct 2010 | C8: Criffel Road, Parton | D8: 4107 | G8: =D8+E8-F8 -> 4107
A9: Play Equipment Units | B9: Aug 2011 | C9: Main Street, Parton | D9: 26965 | G9: =D9+E9-F9 -> 26965
A10: Waste Bins | B10: Jan 2017 | C10: Play area, Main Street, Parton | D10: 460 | G10: =D10+E10-F10 -> 460
A11: Land | C11: Used as a car Park. Main Street, Parton | D11: 1 | G11: =D11+E11-F11 -> 1 | H11: Nominal value entered
A12: Land | C12: Strip of land between the dwellings and the permanent way. Main Street, Parton | D12: 1 | G12: =D12+E12-F12 -> 1 | H12: Nominal value entered
A13: Land | C13: The Square, Parton | D13: 1 | G13: =D13+E13-F13 -> 1 | H13: Nominal value entered
A14: War Memorial | B14: Erected 1921 | C14: The Square, Parton | D14: 1 | G14: =D14+E14-F14 -> 1 | H14: Nominal value entered
A15: Land | C15: The Foreshore, Parton | D15: 1 | G15: =D15+E15-F15 -> 1 | H15: Nominal value entered
A16: 4 Benches, Waste bins, 2 Picnic Tables | C16: The memorial Garden, The Foreshore, Parton | D16: 2500 | G16: =D16+E16-F16 -> 2500
A17: Public Noticeboard | B17: Mar 2010 | C17: Beside The Village Hall | D17: 816 | G17: =D17+E17-F17 -> 816
A18: Public Noticeboard | B18: Feb 2020 | C18: Criffel Road bus shelter, Parton | D18: 165 | G18: =D18+E18-F18 -> 165
A19: Acer Laptop+Mouse | B19: Apr 2021 | C19: With Clerk | D19: 504 | G19: =D19+E19-F19 -> 504
A20: Strimmer - Karcher | B20: Aug 2022 | C20: With Cllr Tumelty | D20: 92 | G20: =D20+E20-F20 -> 92
A21: Bus Shelter - Ramsey | B21: July 2024 | C21: Ramsey Drive | E21: 6092 | G21: =D21+E21-F21 -> 6092
A22: Bus Shelter A595 | B22: July 2024 | C22: A595 | E22: 4508.8 | G22: =D22+E22-F22 -> 4508.8
D23: =SUM(D8:D22) -> 35614 | E23: =SUM(E8:E22) -> 10600.8 | F23: =SUM(F8:F22) -> 0 | G23: =SUM(G8:G22) -> 46214.8
